 Dungeon Crawl Stone Soup version 0.16-a0-4017-g5508f4c (webtiles) character file.

3880 plathrop the Martial Artist (level 10, -6/58 HPs)
             Began as a Vine Stalker Monk on Feb 17, 2015.
             Was a High Priest of Cheibriados.
             Mangled by worldfamousw's ghost (22 damage)
             ... on level 9 of the Dungeon.
             The game lasted 00:27:56 (7955 turns).

plathrop the Martial Artist (Vine Stalker Monk)     Turns: 7955, Time: 00:27:56

Health: -6/58      AC: 10    Str: 27      XL:     10   Next: 19%
Magic:  0/13       EV: 17    Int: 21      God:    Cheibriados [*****.]
Gold:   490        SH:  0    Dex: 28 (29) Spells: 0 memorised, 9 levels left

rFire  + . .     SeeInvis .       - Unarmed
rCold  . . .     Clarity  .     e - +3 leather armour {rF+}
rNeg   + . .     SustAb   .     (no shield)
rPois  .         Gourm    .     (no helmet)
rElec  .         Spirit   +     x - +0 cloak
rCorr  .         Warding  +     c - +1 pair of gloves
rMut   .         Stasis   .     l - +0 pair of boots
MR     +....                    d - amulet of warding
Stlth  ++++......               (no ring)
                                w - ring of wizardry

@: about to teleport, very slow, somewhat resistant to hostile enchantments,
stealthy
A: fangs 3, regeneration 2, magic shield, antimagic bite, no device heal 3, rot
immunity
a: Bend Time, Temporal Distortion, Slouch, Step From Time, Renounce Religion


You were on level 9 of the Dungeon.
You worshipped Cheibriados.
Cheibriados was extremely pleased with you.
You were not hungry.

You visited 2 branches of the dungeon, and saw 10 of its levels.

You collected 490 gold pieces.

Inventory:

Armour
 c - a +1 pair of gloves (worn)
 e - a +3 leather armour of fire resistance (worn)
 l - a +0 pair of boots (worn)
 x - a +0 cloak (worn)
Jewellery
 b - an uncursed ring of teleportation
 d - an amulet of warding (around neck)
 w - a ring of wizardry (left hand)
Magical devices
 y - a wand of fire (7)
Scrolls
 n - 2 scrolls of magic mapping
 o - 2 scrolls of remove curse
 u - a scroll of fear
Potions
 a - a potion of berserk rage
 f - 6 potions of curing
 i - 2 potions of brilliance
 j - a potion of cancellation
 m - a potion of flight
 q - a potion of cure mutation
 s - a potion of invisibility {unknown}
 t - a potion of agility {unknown}
Comestibles
 g - 3 fruits
 h - 2 beef jerkies
 p - 2 meat rations
 r - a slice of pizza
 v - a bread ration
 z - a royal jelly
 A - 14 chunks of flesh


   Skills:
 * Level 9.4 Fighting
 - Level 5.0 Dodging
 - Level 5.1 Stealth
 + Level 9.4 Unarmed Combat


You had 9 spell levels left.
You didn't know any spells.

Dungeon Overview and Level Annotations

Branches:
Dungeon (9/15)             Temple (1/1) D:4
   Lair: D:8-11         Orc: D:9-12

Altars:
Ashenzari
Cheibriados
Dithmenos
Elyvilon
Fedhas
Gozag
Kikubaaqudgha
Makhleb
Nemelex Xobeh
Okawaru
Qazlal
Ru
Sif Muna
Trog
Vehumet
Xom
Yredelemnul
Zin
The Shining One

Annotations:
D:4 gressup's ghost, average MiBe
D:9 worldfamousw's ghost, experienced HOGl


Innate Abilities, Weirdness & Mutations

You have razor-sharp teeth.
You heal very quickly.
When hurt, damage is shared between your health and your magic reserves.
Your bite disrupts and absorbs the magic of your enemies.
Potions and wands cannot restore your health.
You are immune to rotting.


Message History

You feel slightly more hungry. Worldfamousw's ghost hits you!
* * * LOW HITPOINT WARNING * * *
Read which item? (? for menu, Esc to quit)
As you read the scroll of teleportation, it crumbles to dust.
You feel strangely unstable. Worldfamousw's ghost hits you.
* * * LOW HITPOINT WARNING * * *
Worldfamousw's ghost hits you but does no damage.
Worldfamousw's ghost says, "The earth shall destroy you!"
Worldfamousw's ghost hits you.
* * * LOW HITPOINT WARNING * * *
Your surroundings suddenly seem different.
f - 6 potions of curing (gained 1)
There are no items here.
Worldfamousw's ghost says, "Let nature run its course against you!"
Worldfamousw's ghost says, "A storm is coming..."
Worldfamousw's ghost completely misses you.
Read which item? (? for menu, Esc to quit)
As you read the scroll of teleportation, it crumbles to dust.
You feel strangely unstable. Worldfamousw's ghost hits you!!
You die...

###########
#..........####
#...........W.#
#..........##@#
#..........##.+
#..........####
#..........#
###..........#
............#
.#..........#
#..........#
###.########


You could see worldfamousw's ghost.

Vanquished Creatures
  The ghost of dongtrain the Nimble, an experienced DEFE of Sif Muna (D:7)
  A two-headed ogre (D:8)
  2 wyverns
  Edmund (D:8)
  An orc warrior (D:7)
  A phantom (D:8)
  4 sky beasts
  5 ogres
  A wasp (D:9)
  A centaur (D:5)
  Blork the orc (D:4)
  4 giant frogs
  3 killer bees (D:7)
  2 scorpions
  A water moccasin skeleton (D:8)
  5 wights (D:6)
  A goliath beetle (D:7)
  2 quasits (D:8)
  2 centaur zombies
  3 crimson imps
  2 orc priests
  2 hounds
  A centaur skeleton (D:6)
  A gnoll shaman (D:9)
  6 orc wizards
  5 worker ants
  A killer bee zombie (D:6)
  A mummy (D:7)
  9 gnolls
  10 adders
  4 shadow imps
  A worm (D:2)
  An adder skeleton (D:8)
  An ooze (D:5)
  28 orcs
  A bat skeleton (D:6)
  2 giant cockroaches
  9 hobgoblins
  15 kobolds
  A quokka (D:4)
  A ball python (D:4)
  7 bats
  7 giant geckos
  A giant gecko skeleton (D:4)
  2 giant gecko zombies
  5 giant newts
  A giant spore (D:8)
  10 goblins
  12 rats
  2 ballistomycetes (D:8)
191 creatures vanquished.

Notes
Turn   | Place    | Note
--------------------------------------------------------------
     0 | D:1      | plathrop, the Vine Stalker Monk, began the quest for the Orb.
     0 | D:1      | Reached XP level 1. HP: 11/11 MP: 1/1
   193 | D:1      | Reached XP level 2. HP: 16/16 MP: 3/3
   922 | D:2      | Reached XP level 3. HP: 11/19 MP: 2/4
   958 | D:2      | Reached skill level 5 in Unarmed Combat
  1626 | D:3      | Found a shattered altar of Ashenzari.
  1629 | D:3      | Found a bloodstained altar of Trog.
  1634 | D:3      | Reached XP level 4. HP: 24/24 MP: 5/5
  2418 | D:4      | Reached XP level 5. HP: 19/29 MP: 5/7
  2489 | D:4      | Noticed Blork the orc
  2506 | D:4      | Noticed gressup's ghost (average MiBe)
  2506 | D:4      | Killed Blork the orc
  2620 | D:4      | Gained mutation: You heal very quickly. [vine stalker growth]
  2620 | D:4      | Reached XP level 6. HP: 34/34 MP: 8/8
  2825 | D:4      | Noticed an ogre
  2857 | D:4      | Killed an ogre
  2857 | D:4      | Reached skill level 5 in Fighting
  2857 | D:4      | Reached skill level 6 in Unarmed Combat
  2916 | D:4      | Found a staircase to the Ecumenical Temple.
  2926 | Temple   | Entered the Ecumenical Temple
  3015 | Temple   | Became a worshipper of Cheibriados the Contemplative
  3052 | D:4      | Found a basalt altar of Yredelemnul.
  3118 | D:4      | Reached XP level 7. HP: 27/39 MP: 7/9
  3203 | D:4      | Found a glowing golden altar of the Shining One.
  3798 | D:2      | Found an opulent altar of Gozag.
  4006 | D:5      | Entered Level 5 of the Dungeon
  4084 | D:5      | Acquired Cheibriados' first power
  4086 | D:5      | Found a blossoming altar of Fedhas.
  4115 | D:5      | Found a shimmering altar of Xom.
  4370 | D:5      | Gained mutation: You have razor-sharp teeth. [vine stalker growth]
  4370 | D:5      | Reached XP level 8. HP: 40/43 MP: 11/11
  4656 | D:6      | Reached skill level 5 in Dodging
  4656 | D:6      | Reached skill level 7 in Unarmed Combat
  5481 | D:7      | Reached skill level 5 in Stealth
  5632 | D:7      | HP: 1/43 [orc warrior/war axe (8)]
  6453 | D:7      | Noticed dongtrain's ghost (experienced DEFE)
  6468 | D:7      | Killed dongtrain's ghost
  6468 | D:7      | Reached skill level 8 in Unarmed Combat
  6468 | D:7      | Reached XP level 9. HP: 31/49 MP: 12/12
  6896 | D:8      | Acquired Cheibriados' second power
  7136 | D:8      | Noticed Edmund
  7153 | D:8      | Killed Edmund
  7235 | D:8      | Found an ancient bone altar of Kikubaaqudgha.
  7245 | D:8      | Found a blossoming altar of Fedhas.
  7342 | D:8      | Reached skill level 9 in Unarmed Combat
  7453 | D:8      | Reached XP level 10. HP: 57/57 MP: 13/13
  7822 | D:9      | Acquired Cheibriados' third power
  7932 | D:9      | Noticed worldfamousw's ghost (experienced HOGl)
  7955 | D:9      | Mangled by worldfamousw's ghost

Action                   |  1- 3 |  4- 6 |  7- 9 | 10-12 || total
-------------------------+-------+-------+-------+-------++-------
Melee: Unarmed           |    89 |   127 |   353 |    44 ||   613
Invok: Bend Time         |       |       |       |     1 ||     1
  Use: Scroll            |     5 |     5 |     9 |     4 ||    23
 Stab: Sleeping          |     2 |     2 |     8 |     1 ||    13
       Distracted        |       |       |     2 |     1 ||     3
  Eat: Chunk             |     2 |     1 |     3 |       ||     6
       Bread ration      |       |     1 |     2 |       ||     3
